 Dungeon Crawl Stone Soup version 0.25-a0-458-g6fc7858b95 (webtiles) character file.

Game seed: 12516104359066473301, levelgen mode: deterministic

0 Gargoyl the Skirmisher (level 1, -19/19 HPs)
             Began as a Centaur Abyssal Knight on Feb 1, 2020.
             Was a Follower of Lugonu.
             Demolished by a tentacled starspawn (38 damage)
             ... on level 1 of the Abyss.
             The game lasted 00:01:00 (289 turns).

Gargoyl the Skirmisher (Centaur Abyssal Knight)      Turns: 289, Time: 00:01:01

Health: -19/19     AC:  5    Str: 11 (14) XL:     1   Next: 0%
Magic:  2/2        EV:  9    Int: 10 (11) God:    Lugonu [*.....]
Gold:   17         SH:  0    Dex:  7 (8)  Spells: 0/0 levels left

rFire    . . .     SeeInvis .   a - +1 hand axe
rCold    . . .     Gourm    .   (no shield)
rNeg     . . .     Faith    .   b - +1 leather armour
rPois    .         Spirit   .   (no helmet)
rElec    .         Reflect  .   (no cloak)
rCorr    .         Harm     .   (no gloves)
MR       .....                  (no barding)
Stlth    ..........             (no amulet)
HPRegen  0.06/turn              (no ring)
MPRegen  0.08/turn              (no ring)

@: very quick
A: large, hooves 3, deformed body, speed 2, tough skin 3
a: Depart the Abyss, Renounce Religion


You were on level 1 of the Abyss.
You worshipped Lugonu.
Lugonu was aware of your devotion.
You were not hungry.

You visited 0 branches of the dungeon, and saw 0 of its levels.
You visited the Abyss 1 time.

You collected 17 gold pieces.

Inventory:

Hand Weapons
 a - a +1 hand axe (weapon)
Armour
 b - a +1 leather armour (worn)
Comestibles
 c - a ration


   Skills:
 + Level 3.0 Fighting
 + Level 1.7 Axes
 + Level 1.3 Armour
 + Level 0.6 Dodging
 + Level 2.0 Invocations


You couldn't memorise any spells.
You didn't know any spells.
Your spell library was empty.

Dungeon Overview and Level Annotations

Branches:
Dungeon (0/15)

Altars:


Innate Abilities, Weirdness & Mutations

You have hooves in place of feet.
Armour fits poorly on your strangely shaped body.
You cover ground very quickly.
You have extremely tough skin. (AC +3)


Message History

You now have 17 gold pieces (gained 10).
You open the large door. 5 big kobolds come into view.
The big kobold shouts! x3
A big kobold comes into view. It is wielding a +0 rapier.
Found a corrupted altar of Lugonu. 2 big kobolds come into view.
The big kobold shouts! x2
An ice devil comes into view.
Found a fuming orange potion.
d - a fuming orange potion It was a potion of degeneration.
There was something very wrong with that liquid.
You feel weakened.
You feel dopey.
You feel clumsy.
A raiju comes into view.
The raiju barks!
A tentacled starspawn comes into view.
The tentacled starspawn bites you!!!
Ouch! That really hurt!
You die...

### .. ##.
#X#### #@#..#
#..# ## ##.#
. ##.## ##.
#..# .# #..#
#..
##4####..##
####..##.#..#
#.#..#.#..#


You could see a tentacled starspawn.

Vanquished Creatures (others)
  2 starspawn tentacles (Abyss:1)
2 creatures vanquished.

Notes
Turn   | Place    | Note
-------+----------+-------------------------------------------
     0 | Abyss:1  | Gargoyl the Centaur Abyssal Knight began the quest for the
                  | Orb.
     0 | Abyss:1  | Reached XP level 1. HP: 19/19 MP: 2/2
    44 | Abyss:1  | Noticed an efreet
    44 | Abyss:1  | Noticed a tentacled starspawn
    48 | Abyss:1  | Noticed a ynoxinul
    77 | Abyss:1  | Noticed a raiju
   100 | Abyss:1  | Noticed a small abomination
   105 | Abyss:1  | Noticed a crimson imp
   109 | Abyss:1  | Noticed a small abomination
   244 | Abyss:1  | Found a corrupted altar of Lugonu.
   244 | Abyss:1  | Noticed a big kobold
   244 | Abyss:1  | Noticed a big kobold
   244 | Abyss:1  | Noticed a big kobold
   244 | Abyss:1  | Noticed a big kobold
   244 | Abyss:1  | Noticed a big kobold
   244 | Abyss:1  | Noticed a big kobold
   245 | Abyss:1  | Noticed a big kobold
   245 | Abyss:1  | Noticed a big kobold
   252 | Abyss:1  | Noticed an ice devil
   273 | Abyss:1  | Noticed a raiju
   288 | Abyss:1  | Noticed a tentacled starspawn
   289 | Abyss:1  | Demolished by a tentacled starspawn

Levels and vault maps discovered:
Abyss:1:  hangedman_decor_points, hangedman_decor_points, due_exit_kobolds

Action                   || total
-------------------------++-------
Melee: Hand axe          ||     1
       Kick              ||     1
  Use: Scroll            ||     2
       Potion            ||     1
Armor: Leather armour    ||     1

Table legend:
 A = Non-vault XP
 B = Vault XP
 C = Vault XP percentage of total XP
 D = Non-vault monster count
 E = Vault monster count
 F = Vault count percentage of total count
                 A         B        C        D         E       F
            +---------+---------+-------+---------+---------+-------
      Total |       0 |       0 |   N/A |       0 |       0 |  -nan
            +---------+---------+-------+---------+---------+-------
            +---------+---------+-------+---------+---------+-------
